 Dungeon Crawl Stone Soup version 0.25-a0-875-geaba134f46 (webtiles) character file.

Game seed: 1611264093350406194, levelgen mode: classic

230 Amnesiac the Thaumaturge (level 5, -1/28 HPs)
             Began as a Deep Elf Wizard on May 2, 2020.
             Killed from afar by an orc wizard (8 damage)
             ... with a puff of frost
             ... on level 4 of the Dungeon.
             The game lasted 00:05:23 (1185 turns).

Amnesiac the Thaumaturge (Deep Elf Wizard)          Turns: 1185, Time: 00:05:23

Health: -1/28      AC:  2    Str:  4    XL:     5   Next: 72%
Magic:  5/18       EV: 13    Int: 24    God:
Gold:   96         SH:  0    Dex: 13    Spells: 10/21 levels left

rFire    . . .     SeeInvis .   a - +0 trident
rCold    . . .     Gourm    .   (no shield)
rNeg     . . .     Faith    .   e - +0 robe
rPois    .         Spirit   .   (no helmet)
rElec    .         Reflect  .   (no cloak)
rCorr    .         Harm     .   (no gloves)
MR       .....                  (no boots)
Stlth    ++........             (no amulet)
HPRegen  0.09/turn              (no ring)
MPRegen  0.16/turn              (no ring)

@: lethally poisoned (-1 -> -5)
A: no striking features
a: no special abilities


You were on level 4 of the Dungeon.
You were not hungry.

You visited 1 branch of the dungeon, and saw 5 of its levels.

You collected 96 gold pieces.

Inventory:

Hand Weapons
 a - a +0 trident (weapon)
 b - a +1 spear
Armour
 e - a +0 robe (worn)
Scrolls
 g - a scroll of fog {!r}
Potions
 c - a potion of invisibility {!q, unknown}
Comestibles
 d - 2 rations
 f - 5 chunks of flesh


   Skills:
 - Level 2.4 Dodging
 - Level 2.4 Stealth
 + Level 8.8 Spellcasting
 - Level 1.1 Conjurations
 - Level 1.1 Summonings
 - Level 1.1 Translocations


You had 10 spell levels left.
You knew the following spells:

 Your Spells              Type           Power        Failure   Level  Hunger
a - Magic Dart            Conj           ###.         3%          1    None
b - Call Imp              Summ           ###.....     6%          2    None
e - Mephitic Cloud        Conj/Pois/Air  ##......     16%         3    None
s - Conjure Flame         Conj/Fire      ##......     14%         3    None
v - Blink                 Tloc           N/A          6%          2    None

Your spell library contained the following spells:

 Spells                   Type           Power        Failure   Level  Hunger
 Slow                     Hex            ##......     9%          2    None


Dungeon Overview and Level Annotations

Branches:
Dungeon (5/15)
 Temple: D:4-7

Altars:


Message History

You hear an angry hiss.
The ogre is engulfed in noxious fumes.
The ogre appears confused.
The orc is engulfed in noxious fumes.
The orc appears confused.
The giant cockroach bites your iron imp but does no damage.
The orc dies!
Some of the chunks of flesh in your inventory have rotted away.
The ogre is engulfed in noxious fumes.
The giant cockroach bites your iron imp but does no damage.
The giant cockroach bites something but does no damage.
Eat one of 6 chunks of flesh? (ye/n/q)
You eat one of the 6 chunks of flesh.
This raw flesh tastes terrible.
Attack whom?
Press: ? - help, Dir - move target cursor, f/p - ogre
Aim: an ogre, wielding a +0 giant club (lightly wounded, confused)
You reach to attack!
You hit the ogre.
The ogre is moderately wounded.
You feel sick.
Something bites your iron imp but does no damage.
Something completely misses the giant cockroach.
The giant cockroach barely misses your iron imp.
The giant cockroach closely misses your iron imp.
Attack whom?
Press: ? - help, Dir - move target cursor, f/p - ogre
Aim: an ogre, wielding a +0 giant club (heavily wounded, confused)
You reach to attack!
You hit the ogre.
The ogre is severely wounded.
You feel sick.
You are no longer poisoned.
The giant cockroach bites your iron imp but does no damage.
The ogre barely misses your iron imp.
The ogre dies!
Attack whom?
Press: ? - help, Dir - move target cursor, f - giant cockroach
Aim: a giant cockroach You could not reach far enough!
The giant cockroach closely misses your iron imp.
Something hits your iron imp but does no damage.
The giant cockroach bites your iron imp but does no damage.
Attack whom?
Press: ? - help, Dir - move target cursor, f/p - giant cockroach
Aim: a giant cockroach You reach to attack!
You closely miss the giant cockroach.
The giant cockroach bites your iron imp.
An adder comes into view.
Attack whom?
Press: ? - help, Dir - move target cursor, f/p - giant cockroach
Aim: a giant cockroach You reach to attack!
You hit the giant cockroach but do no damage.
The giant cockroach bites your iron imp but does no damage.
The giant cockroach dies!
Attack whom?
Press: ? - help, Dir - move target cursor, f - adder
Aim: an adder You barely miss the adder.
The adder bites you.
* * * LOW HITPOINT WARNING * * *
You are poisoned.
The adder poisons you! The adder barely misses you.
You feel sick.
You hear some strange, mumbled words.
A puff of frost appears from out of thin air!
Deactivating autopickup; reactivate with Ctrl-A.
The puff of frost hits you!
You die...

#......##..†..####.).............
.......##.....# #...............
#)............# #...###.........
...........##.# #..## ###.#.....
.##.##..####..# ##.## ###.##....
..#..#...##...# #...###.#.....#.
..............######.........###
..................#...........#
...#........)...@S>†).........#
...##..#.......##{5............#
...##.####....###..)##.#....#....
#...####......###...####...##....
#...# #......##.............<...
#..## #...............###.... ..
##.# ###....##..###<...#....# ###
#.######## #.......... ###
####.....


You could see an adder and a friendly iron imp.

Vanquished Creatures
  An ogre (D:4)
  A howler monkey (D:4)
  A worker ant (D:4)
  2 adders
  A dart slug (D:1)
  A leopard gecko (D:2)
  An orc (D:4)
  2 bats
  3 giant cockroaches (D:2)
  2 goblins
  A hobgoblin (D:3)
  2 frilled lizards
  A kobold (D:2)
  A rat (D:3)
20 creatures vanquished.

Vanquished Creatures (collateral kills)
  An ogre (D:4)
  A crimson imp (D:4)
  A worker ant (D:4)
  A worm (D:2)
  4 orcs (D:4)
  A giant cockroach (D:4)
9 creatures vanquished.

Grand Total: 29 creatures vanquished

Notes
Turn   | Place    | Note
-------+----------+-------------------------------------------
     0 | D:1      | Amnesiac the Deep Elf Wizard began the quest for the Orb.
     0 | D:1      | Reached XP level 1. HP: 10/10 MP: 7/7
   127 | D:2      | Reached skill level 5 in Spellcasting
   127 | D:2      | Reached XP level 2. HP: 15/15 MP: 2/10
   131 | D:2      | Learned a level 2 spell: Blink
   134 | D:2      | Learned a level 2 spell: Call Imp
   699 | D:3      | Reached XP level 3. HP: 17/19 MP: 10/12
   705 | D:3      | Learned a level 3 spell: Mephitic Cloud
   709 | D:3      | Learned a level 3 spell: Conjure Flame
   718 | D:5      | Entered Level 5 of the Dungeon
   770 | D:4      | Reached skill level 6 in Spellcasting
   988 | D:4      | Reached skill level 7 in Spellcasting
   988 | D:4      | Reached XP level 4. HP: 17/24 MP: 4/15
  1064 | D:4      | Noticed an ogre
  1160 | D:4      | Noticed an ogre
  1172 | D:4      | Killed an ogre
  1172 | D:4      | Reached skill level 8 in Spellcasting
  1172 | D:4      | Reached XP level 5. HP: 13/28 MP: 5/17
  1180 | D:4      | Killed an ogre
  1185 | D:4      | Killed from afar by an orc wizard

Levels and vault maps discovered:
D:1:      lightli_arrival_noodles, layout_loops_cross
D:2:      layout_rooms
D:3:      layout_rooms, nicolae_overflow_hidden_temple, minmay_cupped,
          uniq_jessica
D:4:      layout_cave_pools, minitemple, nicolae_underground_beach
D:5:      layout_rooms, first_ration

Skill      XL: |  1  2  3  4 |
---------------+-------------+-----
Spellcasting   | 5 7 8 |  8.8
Dodging        | |  2.4
Stealth        | |  2.4
Conjurations   | |  1.1
Summonings     | |  1.1
Translocations | |  1.1

Action                   |  1- 3 |  4- 6 || total
-------------------------+-------+-------++-------
Melee: Spear             |    13 |       ||    13
       Trident           |     6 |    21 ||    27
 Cast: Magic Dart        |    49 |     3 ||    52
       Call Imp          |    11 |     9 ||    20
       Mephitic Cloud    |       |     1 ||     1
  Use: Scroll            |     3 |       ||     3
 Stab: Distracted        |     1 |     2 ||     3
  Eat: Chunk             |       |     1 ||     1
Armor: Robe              |     5 |     2 ||     7
Dodge: Dodged            |    31 |    18 ||    49

Table legend:
 A = Non-vault XP
 B = Vault XP
 C = Vault XP percentage of total XP
 D = Non-vault monster count
 E = Vault monster count
 F = Vault count percentage of total count
                 A         B        C        D         E       F
            +---------+---------+-------+---------+---------+-------
      Total |     329 |       0 |   0.0 |      29 |       0 |   0.0
            +---------+---------+-------+---------+---------+-------
        D:1 |       6 |       0 |   0.0 |       2 |       0 |   0.0
        D:2 |      29 |       0 |   0.0 |       9 |       0 |   0.0
        D:3 |       6 |       0 |   0.0 |       4 |       0 |   0.0
        D:4 |     288 |       0 |   0.0 |      14 |       0 |   0.0
            +---------+---------+-------+---------+---------+-------
